 Dungeon Sprint DCSS version 0.27-a0-1188-g73eefd5def (webtiles) character file.

Game seed: 5193578964391009471

1 JuniperTheExplorer the Skirmisher (level 1, 0/18 HPs)
             Began as a Merfolk Fighter on May 20, 2021.
             Engulfed by a steam dragon's steam (2 damage)
             ... in the Dungeon (Sprint VII: "The Pits").
             The game lasted 00:01:10 (211 turns).

JuniperTheExplorer the Skirmisher (Merfolk Fighter)  Turns: 211, Time: 00:01:11

Health: 0/18       AC:  6    Str: 16    XL:     1   Next: 20%
Magic:  1/1        EV:  6    Int:  7    God:
Gold:   0          SH:  9    Dex: 13    Spells: 0/0 levels left

rFire    . . .     SeeInvis .   a - +0 trident
rCold    . . .     Faith    .   c - +0 kite shield
rNeg     . . .     Spirit   .   b - +0 scale mail
rPois    .         Reflect  .   (no helmet)
rElec    .         Harm     .   (no cloak)
rCorr    .         Rampage  .   (no gloves)
Will     .....     NoTele   +   (no boots)
Stlth    ..........             (no amulet)
HPRegen  0.06/turn              (no ring)
MPRegen  0.07/turn              (no ring)

@: no status effects
A: (nimble swimmer 2), mertail
a: no special abilities


You were in the Dungeon.
You visited 1 branch

Inventory:

Hand Weapons
 a - a +0 trident (weapon)
Armour
 b - a +0 scale mail (worn)
 c - a +0 kite shield (worn)
Scrolls
 j - a scroll of blinking
Potions
 d - a potion of might
 e - a potion of curing
 f - a potion of heal wounds
 g - a potion of haste
 h - 2 potions of magic
 i - a potion of berserk rage


   Skills:
 + Level 3.5 Fighting
 + Level 3.1 Polearms
 + Level 2.3 Armour
 + Level 3.3 Shields


You couldn't memorise any spells.
You didn't know any spells.
Your spell library was empty.

Dungeon Overview and Level Annotations

Branches:
Dungeon (1/1)

Altars:


Innate Abilities, Weirdness & Mutations

((You are quick and stealthy near water. (Stealth+, EV+, Speed+++)))
Your lower body shifts to a powerful aquatic tail in water.


Message History

The hobgoblin is moderately wounded.
The hobgoblin hits you. You block the hobgoblin's attack.
You closely miss the hobgoblin.
The hobgoblin is moderately wounded.
The hobgoblin hits you.
You hit the hobgoblin.
You kill the hobgoblin!
You see here a hobgoblin corpse.
There is an open door to the Storerooms (Easy) here.
You start resting.
HP restored.
You open the huge gate.
A hell rat comes into view.
The hell rat roars deafeningly!
A hobgoblin comes into view.
You close the huge gate.
As you open the huge gate, it creaks loudly!
There is a huge open gate to the Grid Vault (Hard) here.
There is a huge open gate to the Grid Vault (Hard) here.
You open the huge gate.
There is a huge open gate to the Main Hall (Safe) here.
There is a huge open gate to the Grid Vault (Hard) here.
You open the huge gate.
There is a huge open gate to a Minivault (Hard) here.
There is a huge open gate to a Minivault (Hard) here.
You open the door.
A steam dragon, an earth elemental, 5 trolls and a zombie come into view.
The steam dragon hisses angrily.
The deep troll shouts!
The deep troll shaman shouts!
The deep troll earth mage shouts!
The deep troll shouts!
The steam dragon breathes steam at you. The ball of steam hits you!
Ouch! That really hurt!
A deep troll shaman opens the door.
Found five items.
You are engulfed in a cloud of scalding steam.
* * * LOW HITPOINT WARNING * * *
There is a huge open gate to a Minivault (Hard) here.
You are engulfed in a cloud of scalding steam.
You die...

+..........#
#..........#
##########..#....#..#
........''..........#
........''..........#
######..##..#....#..#
#..##.§§§......+
#..##..§§......+
#..####@§####++#
#..####§'###
#..##..§...#
##########..##.#E##.#
............##.#D. .#
............## +TT# #
#''########## #TT'
#''###### +ZT#.
........# ##+#.


There were no monsters in sight!

Vanquished Creatures
  A hobgoblin (D)
1 creature vanquished.

Notes
Turn   | Place    | Note
-------+----------+-------------------------------------------
     0 | D        | JuniperTheExplorer the Merfolk Fighter began the quest for
                  | the Orb.
     0 | D        | Reached XP level 1. HP: 18/18 MP: 1/1
   159 | D        | Noticed a hell rat
   209 | D        | Noticed a steam dragon
   209 | D        | Noticed an earth elemental
   209 | D        | Noticed a deep troll shaman
   209 | D        | Noticed a deep troll
   209 | D        | Noticed a deep troll shaman
   209 | D        | Noticed a deep troll earth mage
   209 | D        | Noticed a deep troll
   211 | D        | Engulfed by a steam dragon's steam

Illustrated notes

Levels and vault maps discovered:
D:        pitsprint [storerooms_1, entrance_room_1, metal_vault_6, armoury_1,
          mini_pit_1, grid_room_1, main_hall_1, silver_pit, the_coven_3,
          the_vestibule_1, steel_vault_1, golden_pit, hallway_of_sentries,
          crystal_vault_4, iron_vault_4, final_vault]

Action                   || total
-------------------------++-------
Melee: Trident           ||     5
Armor: Scale mail        ||     1
Block: Kite shield       ||     2

Table legend: (Time is in decaauts)
 A = Elapsed time spent in this place.
 B = Non-inter-level travel time spent in this place.
 C = Inter-level travel time spent in this place.
 D = Time resting spent in this place.
 E = Time spent auto-exploring this place.
 F = Levels seen in this place.
 G = Mean time per level.
                   A        B        C        D        E       F      G
               +--------+--------+--------+--------+--------+-----+--------+
         Total |    213 |    213 |      0 |     94 |      0 |   1 |  213.0 |
       Dungeon |    213 |    213 |      0 |     94 |      0 |   1 |  213.0 |
               +--------+--------+--------+--------+--------+-----+--------+

Top non-repeatable levels by time:
       D: 213 daAuts
